 Dungeon Crawl Stone Soup version 0.14.0-7-g2801ba0 (webtiles) character file.

161 RogerD the Ducker (level 4, -3/44 HPs)
             Began as a Troll Fighter on Apr 12, 2014.
             Was an Initiate of Dithmenos.
             Slain by Celerity's ghost (10 damage)
             ... on Level 3 of the Dungeon.
             The game lasted 00:23:05 (1480 turns).

RogerD the Ducker (Troll Fighter)                   Turns: 1480, Time: 00:23:05

HP  -3/44        AC  5     Str 24      XL: 4   Next: 77%
MP   2/2         EV  8     Int  4      God: Dithmenos [......]
Gold 40          SH 18     Dex 10      Spells:  0 memorised,  3 levels left

rFire  . . .     SeeInvis .     a - +0 war axe
rCold  . . .     Clarity  .     b - +0 robe
rNeg   . . .     Conserve .     c - +0 shield
rPois  .         rCorr    .     (helmet restricted)
rElec  .         rRot     .     (no cloak)
SustAb . .       Spirit   .     (gloves unavailable)
rMut   .         Warding  .     (boots unavailable)
Gourm  +         Stasis   .     (no amulet)
MR     .....                    (no ring)
                                (no ring)

@: glowing, not resistant to hostile enchantments, very unstealthy
A: unfitting armour, claws 3, fast metabolism 3, gourmand, regeneration 2,
saprovore 2, shaggy fur 1, tough skin 2
a: Renounce Religion


You were on level 3 of the Dungeon.
You worshipped Dithmenos.
Dithmenos was noncommittal.
You were not hungry.

You visited 1 branch of the dungeon, and saw 3 of its levels.

You collected 40 gold pieces.

Inventory:

Hand weapons
 a - a +0,+0 war axe (weapon)
 j - a +1,+1 dagger of speed
 o - a +2,+0 dagger of pain
Missiles
 n - 7 stones (quivered)
Armour
 b - a +0 robe (worn)
 c - a +0 shield (worn)
Comestibles
 d - 3 meat rations
 s - a pear
Scrolls
 f - 2 scrolls of enchant armour {unknown}
 g - a scroll of remove curse {unknown}
 i - a scroll of random uselessness {unknown}
 k - 2 scrolls of identify {unknown}
 m - a scroll of recharging {unknown}
 q - a scroll of teleportation {unknown}
 t - a scroll of fear {unknown}
 u - a scroll of magic mapping {unknown}
Potions
 e - a potion of might
 l - a potion of magic {unknown}
 p - a potion of curing {unknown}
 r - a potion of agility {unknown}


   Skills:
 + Level 2.8 Fighting
 + Level 0.1 Short Blades
 + Level 1.9 Axes
 + Level 0.1 Throwing
 + Level 3.4 Dodging
 + Level 0.3 Stealth
 + Level 3.2 Shields


You had 3 spell levels left.
You didn't know any spells.

Dungeon Overview and Level Annotations

Branches:
Dungeon (3/15)

Altars:
Dithmenos
Elyvilon
Kikubaaqudgha

Annotations:
D:3 Celerity's ghost, average TrEn


Innate Abilities, Weirdness & Mutations

You are too large for most types of armour.
You have claws for hands.
Your metabolism is lightning-fast.
You like to eat raw meat.
You heal very quickly.
You can eat rotten meat.
You are covered in fur (AC +1).
You have very tough skin (AC +2).


Message History

Celerity's ghost hits you!
Your shield prevents you from hitting Celerity's ghost.
Celerity's ghost is lightly damaged.
Celerity's ghost hits you.
You slash Celerity's ghost!
Celerity's ghost is moderately damaged.
Celerity's ghost hits you but does no damage.
Celerity's ghost hits you!
You see here a stone.
You see here 14 darts.
An adder comes into view.
You hit Celerity's ghost.
Celerity's ghost is moderately damaged.
Celerity's ghost hits you!
You hit Celerity's ghost.
Celerity's ghost is heavily damaged.
Celerity's ghost hits you!
* * * LOW HITPOINT WARNING * * *
Celerity's ghost hits you!
You die...

#.# #.#
#.# #.#
#.# #S#
#.# #.#
#.#@#
#.#p#
#.#.#
###.#.#
#.....#
#....(#
####....(#
.........#
#####..#.#


You could see Celerity's ghost and an adder.

Vanquished Creatures
  Jessica (D:2)
  6 adders
  An ooze (D:1)
  A ball python (D:1)
  2 giant cockroaches (D:1)
  6 hobgoblins
  A quokka (D:2)
  3 bats (D:1)
  2 giant geckos
  3 giant newts
  7 goblins
  7 jackals
  6 kobolds
  8 rats
54 creatures vanquished.

Notes
Turn   | Place    | Note
--------------------------------------------------------------
     0 | D:1      | RogerD, the Troll Fighter, began the quest for the Orb.
     0 | D:1      | Reached XP level 1. HP: 22/22 MP: 1/1
   138 | D:1      | Reached XP level 2. HP: 29/29 MP: 1/1
   550 | D:1      | Reached skill level 3 in Dodging
   611 | D:1      | Reached XP level 3. HP: 36/36 MP: 2/2
   927 | D:2      | Found a white marble altar of Elyvilon.
   931 | D:2      | Noticed Jessica
   951 | D:2      | Killed Jessica
   976 | D:2      | Found a shadowy altar of Dithmenos.
   992 | D:2      | Became a worshipper of Dithmenos the Shadowed
  1026 | D:2      | Reached XP level 4. HP: 44/44 MP: 2/2
  1432 | D:3      | Found an ancient bone altar of Kikubaaqudgha.
  1455 | D:3      | Noticed Celerity's ghost (average TrEn)
  1480 | D:3      | Slain by Celerity's ghost

Action                   |  1- 3 |  4- 6 || total
-------------------------+-------+-------++-------
Melee: War axe           |   116 |    53 ||   169
       Dagger            |    57 |       ||    57
Throw: Stone             |     2 |     4 ||     6
  Use: Scroll            |     1 |       ||     1
